 Dungeon Crawl Stone Soup version 0.29-a0-878-g7b45a56547 (webtiles) character file.

Game seed: 15178072502051907972

49843 greasedhog the Carver (level 14, 0/132 HPs)
             Began as a Gargoyle Berserker on July 19, 2022.
             Was a High Priest of Trog.
             Slain by a manticore (15 damage)
             ... on level 5 of the Lair of Beasts on July 20, 2022.
             The game lasted 00:59:18 (22653 turns).

greasedhog the Carver (Gargoyle Berserker)         Turns: 22653, Time: 00:59:19

Health: 0/132      AC: 22    Str: 23    XL:     14   Next: 52%
Magic:  14/14      EV: 16    Int:  7    God:    Trog [*****.]
Gold:   1628       SH:  0    Dex: 13    Spells: 13/13 levels left

rFire   + . .      SeeInvis .   a - +2 great sword (vorpal)
rCold   . . .      Faith    .   (shield currently unavailable)
rNeg    + . .      Spirit   .   A - +0 troll leather armour
rPois   ∞          Reflect  .   C - +1 hat
rElec   +          Harm     .   (no cloak)
rCorr   .          Rampage  .   K - +0 pair of gloves
Will    +....                   (no boots)
Stlth   ..........              n - amulet of the acrobat
HPRegen 1.12/turn               R - ring of protection from fire
MPRegen 0.14/turn               Q - +4 ring of protection

@: berserking (expiring), flying, very quick
A: sickness immunity, AC +10, big wings, negative energy resistance 1,
electricity resistance, torment resistance 1, petrification resistance
a: Renounce Religion, Berserk, Trog's Hand, Brothers in Arms


You were on level 5 of the Lair of Beasts.
You worshipped Trog.
Trog was extremely pleased with you.
You visited 3 branches of the dungeon, and saw 16 of its levels.
You also visited: Ossuary and Bailey.

You collected 1628 gold pieces.

Inventory:

Hand Weapons
 a - a +2 vorpal great sword (weapon)
 b - a +0 arbalest of freezing
 c - a +0 scimitar of venom
 i - a +1 spectral falchion
 s - a +1 short sword of flaming
Missiles
 k - 58 poisoned darts
 t - 5 atropa-tipped darts
 E - 3 curare-tipped darts
 I - 5 throwing nets (quivered)
Armour
 A - a +0 troll leather armour (worn)
 C - a +1 hat (worn)
 K - a +0 pair of gloves (worn)
Jewellery
 n - an amulet of the acrobat (around neck)
 M - a ring of resist corrosion
 Q - a +4 ring of protection (right hand)
 R - a ring of protection from fire (left hand)
 T - a ring of positive energy
Wands
 p - a wand of mindburst (8)
 x - a wand of polymorph (7)
 G - a wand of flame (45)
 J - a wand of roots (18)
 V - a wand of acid (6)
Scrolls
 e - 8 scrolls of teleportation
 m - a scroll of magic mapping
 o - 4 scrolls of immolation
 q - 3 scrolls of blinking
 r - a scroll of fog
 u - 3 scrolls of torment
 w - a scroll of poison
 y - 3 scrolls of enchant armour
 D - a scroll of enchant weapon
 P - a scroll of vulnerability
 S - 6 scrolls of identify
Potions
 d - 2 potions of berserk rage {unknown}
 f - 5 potions of heal wounds
 g - 3 potions of invisibility {unknown}
 h - a potion of cancellation {unknown}
 j - 6 potions of mutation {unknown}
 l - 2 potions of magic {unknown}
 v - 5 potions of ambrosia {unknown}
 z - 4 potions of degeneration {unknown}
 B - 2 potions of might
 F - 2 potions of flight {unknown}
 H - 2 potions of lignification {unknown}
 L - a potion of attraction {unknown}
 N - a potion of haste
 O - a potion of brilliance {unknown}
 U - 11 potions of curing
Miscellaneous
 W - a phantom mirror


   Skills:
 - Level 10.0 Fighting
 * Level 14.6 Long Blades
 - Level 6.1 Ranged Weapons
 - Level 10.1 Armour
 - Level 10.0 Dodging
 * Level 6.6 Stealth
 - Level 5.2 Evocations


You had 13 spell levels left.
You didn't know any spells.
Your spell library was empty.

Dungeon Overview and Level Annotations

Branches:
Dungeon (10/15)            Temple (1/1) D:7            Lair (5/5) D:8
 Shoals (0/4) Lair:3       Spider (0/4) Lair:3        Slime (0/5) Lair:5
    Orc (0/2) D:10        Ossuary (visited)          Bailey (visited)

Altars:
Ashenzari
Cheibriados
Dithmenos
Elyvilon
Fedhas
Gozag
Hepliaklqana
Kikubaaqudgha
Makhleb
Nemelex Xobeh
Okawaru
Qazlal
Ru
Sif Muna
Trog
Uskayaw
Vehumet
Wu Jian
Xom
Yredelemnul
Zin
The Shining One
Jiyva

Shops:
D:10 (


Innate Abilities, Weirdness & Mutations

You are immune to sickness and miasma.
Your stone body is resilient. (AC +10)
You are immune to poison.
Your large and strong wings let you fly.
You resist negative energy. (rN+)
You are resistant to electric shocks. (rElec)
You are resistant to unholy torment.
You are immune to petrification.


Message History

Trog accepts your kill.
The manticore bites you but does no damage.
The manticore barely misses you. The manticore claws you.
* * * LOW HITPOINT WARNING * * *
You slash the death yak!
The death yak is lightly wounded.
The manticore barely misses you. The manticore closely misses you.
The manticore claws you but does no damage.
The death yak completely misses you.
You slash the death yak!
The death yak is heavily wounded.
Unknown command.
You slash the death yak!
The death yak is severely wounded.
The manticore bites you.
* * * LOW HITPOINT WARNING * * *
The manticore claws you but does no damage.
The manticore barely misses you. The death yak barely misses you.
You barely miss the death yak.
The death yak is heavily wounded.
You barely miss the death yak.
The death yak is heavily wounded.
The manticore bites you but does no damage.
The manticore closely misses you.
The manticore claws you but does no damage.
The death yak misses you.
You slice the death yak!!
You kill the death yak!
Trog accepts your kill.
You hit the manticore.
The manticore is lightly wounded.
The manticore bites you.
* * * LOW HITPOINT WARNING * * *
The manticore claws you but does no damage.
The manticore claws you.
* * * LOW HITPOINT WARNING * * *
You hit the manticore.
The manticore is moderately wounded.
The manticore bites you!
You die...

## ############# #######.........
# #####...##### ###....... #
##..P.....P#.## ###..... #
#.........†.#.# Y## ##....
###....#####†..†## ..## ####.
##....††...#.....# ...# #.##.
##P..#.#...#....P# .#.. #..##
####...#.......########...###...#
......###.###...@H..#...#..##....
..#.....###.....#†..##H...# #....
..#......##.....#...#.Y...###....
#.#.....####....###.#....#.#.....
......### ##............###.....
.....## #..........####......
P.#### #####...#####........
##### ##### ######## #.........
##..####...####..##..###.........


You could see a manticore.

Vanquished Creatures
  A dire elephant (Lair:5)
  4 hydras
  3 catoblepae
  A two-headed ogre (D:9)
  3 death yaks (Lair:5)
  2 lindwurms
  An ugly thing (D:10)
  A manticore (Lair:5)
  16 elephants
  12 black mambas
  2 torpor snails
  A merfolk siren (Lair:3)
  12 cane toads
  2 rime drakes
  13 komodo dragons
  A troll (D:7)
  A polar bear (Lair:5)
  A hornet (D:9)
  14 blink frogs
  2 dream sheep (Lair:5)
  Sigmund (D:6)
  2 jumping spiders (Lair:3)
  40 yaks
  4 wyverns
  6 basilisks
  A steam dragon (D:9)
  A redback (Lair:3)
  20 water moccasins
  7 black bears
  3 orc warriors
  3 sky beasts
  51 wolves
  5 centaurs (D:9)
  2 ogres
  7 kobold brigands
  9 bullfrogs
  4 elf zombies (Ossuary)
  2 scorpions (D:5)
  9 gnoll sergeants
  5 wights (D:8)
  3 killer bees (D:8)
  3 howler monkeys
  An electric eel (Lair:2)
  2 centaur zombies (Ossuary)
  5 hounds
  A human zombie (Ossuary)
  4 jellies
  7 orc priests
  6 gnoll boudas (Bailey)
  5 iguanas
  7 orc wizards
  6 hell rats
  2 mummies (Ossuary)
  Robin (D:2)
  22 gnolls
  6 adders
  A shadow imp (D:4)
  An adder zombie (Ossuary)
  2 worms (D:2)
  A dart slug (D:3)
  17 orcs
  8 ball pythons
  4 endoplasms
  5 giant cockroaches
  13 goblins
  17 hobgoblins
  11 jackals
  44 kobolds
  A quokka (D:2)
  10 bats
  3 frilled lizards
  11 hobgoblin zombies (Ossuary)
  A jackal zombie (Ossuary)
  6 kobold zombies (Ossuary)
  9 orc zombies (Ossuary)
  6 rats
  2 rat zombies (Ossuary)
  A butterfly (Lair:2)
530 creatures vanquished.

Vanquished Creatures (others)
  28 fungi
  57 plants
85 creatures vanquished.

Grand Total: 615 creatures vanquished

Notes
Turn   | Place    | Note
-------+----------+-------------------------------------------
     0 | D:1      | greasedhog the Gargoyle Berserker began the quest for the
                  | Orb.
     0 | D:1      | Reached XP level 1. HP: 14/14 MP: 1/1
   216 | D:1      | Reached skill level 1 in Stealth
   531 | D:1      | Reached skill level 3 in Long Blades
   531 | D:1      | Reached XP level 2. HP: 19/19 MP: 2/2
   545 | D:1      | Found a faded altar of an unknown god.
  1308 | D:1      | Reached XP level 3. HP: 20/23 MP: 3/3
  2018 | D:2      | Identified the +1 robe of Mental Paralysis {rCorr Str+3}
  2156 | D:2      | Reached XP level 4. HP: 27/28 MP: 4/4
  2157 | D:2      | Reached ** piety under Trog
  2622 | D:2      | Noticed Robin
  2637 | D:2      | Killed Robin
  2641 | D:2      | Reached skill level 4 in Long Blades
  2973 | D:2      | Reached XP level 5. HP: 19/32 MP: 5/5
  3676 | D:3      | Reached *** piety under Trog
  4113 | D:4      | Noticed an ogre
  4118 | D:4      | Killed an ogre
  4119 | D:4      | Reached XP level 6. HP: 32/37 MP: 6/6
  4178 | D:4      | Reached skill level 5 in Stealth
  4475 | D:4      | Noticed a black bear
  4484 | D:4      | Killed a black bear
  4485 | D:4      | Reached skill level 5 in Long Blades
  4677 | D:4      | Reached XP level 7. HP: 43/43 MP: 7/7
  4819 | D:4      | Found a sparkling altar of Nemelex Xobeh.
  4858 | D:5      | Entered Level 5 of the Dungeon
  5299 | D:5      | Found a burning altar of Makhleb.
  5408 | D:6      | Noticed Sigmund
  5417 | D:6      | Killed Sigmund
  5418 | D:6      | Reached skill level 5 in Fighting
  5418 | D:6      | Reached skill level 6 in Long Blades
  5475 | D:6      | Reached XP level 8. HP: 51/51 MP: 8/8
  5653 | D:6      | Upgraded the game from 0.29-a0-876-gfc89b1a5bd to
                  | 0.29-a0-878-g7b45a56547
  5827 | D:6      | Found a shimmering blue altar of Sif Muna.
  5931 | D:6      | Found an opulent altar of Gozag.
  5932 | D:6      | Found a shimmering altar of Xom.
  6192 | D:6      | Reached skill level 7 in Long Blades
  6590 | D:7      | Found a sand-covered staircase.
  6595 | Ossuary  | Entered an ossuary
  6661 | Ossuary  | Reached **** piety under Trog
  6767 | Ossuary  | Reached skill level 5 in Armour
  6987 | Ossuary  | Reached XP level 9. HP: 44/55 MP: 9/9
  7232 | D:7      | Found a glowing golden altar of the Shining One.
  7280 | D:7      | Found a hazy altar of Hepliaklqana.
  7297 | D:7      | Reached skill level 8 in Long Blades
  7565 | D:7      | Found a staircase to the Ecumenical Temple.
  7574 | Temple   | Entered the Ecumenical Temple
  7718 | D:7      | Found a blossoming altar of Fedhas.
  7956 | D:7      | Noticed a troll
  7965 | D:7      | Killed a troll
  8424 | D:8      | Reached skill level 9 in Long Blades
  8704 | D:8      | Reached skill level 5 in Dodging
  8994 | D:8      | Reached XP level 10. HP: 48/60 MP: 10/10
  9479 | D:8      | Reached skill level 1 in Evocations
  9596 | D:8      | Found a shadowy altar of Dithmenos.
  9718 | D:8      | Found a staircase to the Lair.
  9733 | D:8      | Reached skill level 10 in Long Blades
  9991 | D:8      | Found an ornate altar of the Wu Jian Council.
 10618 | D:9      | Found a broken altar of Ashenzari.
 10697 | D:9      | Found a flagged portal.
 10718 | Bailey   | Entered a bailey
 11136 | Bailey   | Identified the +8 trident of Sired {flame, Dex+2}
 11501 | D:9      | Reached skill level 11 in Long Blades
 11501 | D:9      | Reached skill level 5 in Evocations
 11501 | D:9      | Reached XP level 11. HP: 20/64 MP: 11/11
 11502 | D:10     | Entered Level 10 of the Dungeon
 11820 | D:9      | Noticed a two-headed ogre
 11827 | D:9      | Killed a two-headed ogre
 12425 | D:10     | Found Gomo's Weapon Shop.
 12574 | D:10     | Found a staircase to the Orcish Mines.
 12885 | D:10     | Noticed a green ugly thing
 12905 | D:10     | Killed a green ugly thing
 13018 | D:10     | Reached ***** piety under Trog
 13794 | Lair:1   | Entered Level 1 of the Lair of Beasts
 13956 | Lair:1   | Reached skill level 12 in Long Blades
 15128 | Lair:2   | Noticed a five-headed hydra
 15146 | Lair:2   | Killed a five-headed hydra
 15147 | Lair:2   | Reached XP level 12. HP: 23/76 MP: 12/12
 15591 | Lair:2   | Reached skill level 10 in Fighting
 15717 | Lair:2   | Reached skill level 13 in Long Blades
 17877 | Lair:2   | Reached skill level 14 in Long Blades
 18585 | Lair:3   | Reached XP level 13. HP: 82/82 MP: 13/13
 19018 | Lair:3   | Found a staircase to the Shoals.
 19087 | Lair:3   | Found a hole to the Spider Nest.
 19346 | Lair:4   | Reached skill level 10 in Armour
 19549 | Lair:4   | Reached skill level 1 in Ranged Weapons
 20889 | Lair:5   | Entered Level 5 of the Lair of Beasts
 21178 | Lair:5   | Reached skill level 5 in Ranged Weapons
 21545 | Lair:5   | Gained mutation: Your large and strong wings let you fly.
                  | [Gargoyle growth]
 21545 | Lair:5   | Reached XP level 14. HP: 67/88 MP: 14/14
 21779 | Lair:5   | Received a gift from Trog
 22088 | Lair:5   | Found a viscous altar of Jiyva.
 22088 | Lair:5   | Found a staircase to the Slime Pits.
 22561 | Lair:5   | Noticed a dire elephant
 22582 | Lair:5   | Reached skill level 10 in Dodging
 22645 | Lair:5   | Killed a dire elephant
 22653 | Lair:5   | Slain by a manticore

Illustrated notes

Levels and vault maps discovered:
D:1:      dpeg_arrival_line_fractal, layout_basic,
          shapermc_ecumenical_altar_ellora
D:2:      minmay_recursive_quarters, layout_basic, uniq_robin
D:3:      layout_rooms, chequers_arboretum, nicolae_figureground_sparkle
D:4:      wad_pebble_path, layout_cave_pools, nemelex_spade_bored_becter,
          minivault_19, hangedman_decor_clover_reticule
D:5:      layout_gridville, lemuel_coloured_pillars_altar
D:6:      layout_basic, mainiacjoe_overflow_boulevard, nicolae_overflow_squiral,
          dreamdust_mushroom_princess, uniq_sigmund
D:7:      layout_basic, nicolae_tso_carved_into_rock, general_overflow_altar,
          mainiacjoe_overflow_alcove_1, minmay_temple_entry_glassed_door,
          serial_rivers, chequers_serial_rivers_small_3,
          chequers_serial_rivers_large_b, chequers_serial_rivers_small_a,
          chequers_serial_rivers_micro_e, enter_ossuary_5
D:8:      layout_loops_ring, amcnicky_altar_gilded, lemuel_round_altar,
          minmay_lair_entry_grove
D:9:      kennysheep_ambush_hall, layout_cave_pools,
          mainiacjoe_overflow_cross_hatched, enter_bailey_3
D:10:     layout_stronghold, orc_0_dummy, serial_shops, nicolae_stop_n_shop_2
Temple:   nicolae_temple_ecumenical_triangle
Lair:1:   layout_regular_city
Lair:2:   layout_hall_layers, grunt_forest_large_clearings,
          serial_bayou_shore_a, lemuel_fruit_fields, infiniplex_staircase_pool_2
Lair:3:   layout_roguey, elwin_shoals_entry_rooms, spider_nest_entry_a
Lair:4:   layout_long_grid, lemuel_fruit_fields, grunt_megastairs_5
Lair:5:   wormcave, layout_hall_layers, hangedman_lair_in_review,
          dpeg_slime_entry_enclosed, hangedman_lair_generics_rect

Skill      XL: |  1  2  3  4  5  6  7  8  9 10 11 12 13 14 |
---------------+-------------------------------------------+-----
Stealth        | 1 2 3 4 5 6 |  6.6
Long Blades    | 3 4 5 6 7 9 11 12 14 | 14.6
Fighting       | 4 5 9 10 | 10.0
Armour         | 5 9 10 | 10.1
Dodging        | 2 5 8 10 | 10.0
Evocations     | 5 |  5.2
Ranged Weapons | 6 |  6.1

Action                   |  1- 3 |  4- 6 |  7- 9 | 10-12 | 13-15 || total
-------------------------+-------+-------+-------+-------+-------++-------
Melee: Falchion          |   140 |    76 |       |   243 |       ||   459
       Punch             |     1 |       |     7 |    11 |     5 ||    24
       Short sword       |       |    75 |   467 |   121 |    17 ||   680
       Rapier            |       |       |    27 |       |       ||    27
       Scimitar          |       |       |       |   518 |   493 ||  1011
       Great sword       |       |       |       |       |   126 ||   126
 Fire: Arbalest          |    22 |    86 |   113 |   181 |   170 ||   572
Throw: Throwing net      |       |       |       |     6 |       ||     6
Invok: Berserk           |     1 |     4 |     5 |    12 |     3 ||    25
       Trog's Hand       |       |       |     2 |    10 |     3 ||    15
Evoke: Wand              |       |       |       |     4 |     1 ||     5
  Use: Scroll            |     2 |     3 |     4 |    13 |       ||    22
       Potion            |       |       |       |     1 |       ||     1
 Stab: Distracted        |       |       |       |     3 |       ||     3
       Held in net/web   |       |       |       |     1 |       ||     1
       Petrified         |       |       |       |       |     5 ||     5
Armor: Animal skin       |    56 |       |       |       |       ||    56
       Robe              |    13 |    18 |       |       |       ||    31
       Ring mail         |       |    73 |   282 |   496 |    70 ||   921
       Troll leather arm |       |       |       |       |   265 ||   265
Dodge: Dodged            |   109 |   140 |   290 |   692 |   545 ||  1776

Table legend: (Time is in decaauts)
 A = Elapsed time spent in this place.
 B = Non-inter-level travel time spent in this place.
 C = Inter-level travel time spent in this place.
 D = Time resting spent in this place.
 E = Time spent auto-exploring this place.
 F = Levels seen in this place.
 G = Mean time per level.
                   A        B        C        D        E       F      G
               +--------+--------+--------+--------+--------+-----+--------+
         Total |  22914 |  22221 |    693 |   3927 |  13122 |  18 | 1273.0 |
       Dungeon |  12814 |  12343 |    471 |   1945 |   8026 |  10 | 1281.4 |
        Temple |     54 |     41 |     13 |      0 |     34 |   1 |   54.0 |
          Lair |   8758 |   8549 |    209 |   1887 |   4542 |   5 | 1751.6 |
       Ossuary |    604 |    604 |      0 |      0 |    347 |   1 |  604.0 |
        Bailey |    681 |    681 |      0 |     94 |    172 |   1 |  681.0 |
               +--------+--------+--------+--------+--------+-----+--------+

Top non-repeatable levels by time:
  Lair:2: 3254 daAuts
     D:8: 1974 daAuts
     D:7: 1748 daAuts
  Lair:5: 1693 daAuts
     D:2: 1683 daAuts
     D:1: 1652 daAuts
    D:10: 1520 daAuts
  Lair:4: 1509 daAuts
  Lair:1: 1346 daAuts
     D:6: 996 daAuts
     D:4: 965 daAuts
  Lair:3: 955 daAuts
     D:9: 828 daAuts
     D:5: 729 daAuts
     D:3: 716 daAuts
